 Dungeon Sprint DCSS version 0.26-a0-660-gc07710193c (webtiles) character file.

Game seed: 13608858060606543803

11253 sahdkjhfkaj the Earth Mage (level 11, -1/78 HPs)
             Began as a Gargoyle Earth Elementalist on Oct 6, 2020.
             Was a High Priest of Vehumet.
             Slain by a dire elephant (6 damage)
             ... in the Dungeon (Sprint III: "The Ten Rune Challenge").
             The game lasted 00:11:21 (4580 turns).

sahdkjhfkaj the Earth Mage (GrEE)                   Turns: 4580, Time: 00:11:21

Health: -1/78      AC: 13    Str: 11    XL:     11   Next: 74%
Magic:  6/29       EV: 12    Int: 20    God:    Vehumet [*****.]
Gold:   52         SH:  0    Dex: 10    Spells: 19/39 levels left

rFire    + . .     SeeInvis .   f - +8 lance "Wyrmbane" {slay drac, rPois rF+ rC+ AC+3}
rCold    + . .     Faith    .   (no shield)
rNeg     + . .     Spirit   .   k - +0 robe {MR+}
rPois    ∞         Reflect  .   (no helmet)
rElec    +         Harm     .   (no cloak)
rCorr    .         Rampage  .   (no gloves)
MR       +....     NoTele   +   (no boots)
Stlth    ++........             (no amulet)
HPRegen  0.23/turn              (no ring)
MPRegen  0.21/turn              (no ring)

@: very slightly contaminated
A: negative energy resistance 1, electricity resistance, unbreathing,
petrification resistance, rot immunity, AC +8
a: Renounce Religion


You were in the Dungeon.
You worshipped Vehumet.
Vehumet was extremely pleased with you.
You visited 1 branch You collected 52 gold pieces.

Inventory:

Hand Weapons
 f - the +8 lance "Wyrmbane" (weapon) {slay drac, rPois rF+ rC+ AC+3}
   (You found it in the Dungeon)

   It affects your AC (+3).
   It protects you from fire.
   It protects you from cold.
   It protects you from poison.
Missiles
 b - 27 stones (quivered)
Armour
 k - a +0 robe of magic resistance (worn)
Jewellery
 q - an uncursed ring of positive energy {unknown}
Scrolls
 a - 4 scrolls of identify {unknown}
 c - 4 scrolls of torment {unknown}
 l - 2 scrolls of enchant weapon {unknown}
 m - a scroll of remove curse {unknown}
 s - 3 scrolls of amnesia {unknown}
 u - a scroll of immolation {unknown}
Potions
 d - 3 potions of curing
 e - a potion of stabbing {unknown}
 h - a potion of berserk rage
 j - a potion of ambrosia {unknown}
 n - a potion of flight {unknown}
 o - 5 potions of mutation
 p - a potion of might
 t - a potion of haste
Miscellaneous
 r - a box of beasts (3/3)


   Skills:
 + Level 13.4 Fighting
 - Level 1.5 Dodging
 - Level 2.1 Stealth
 + Level 14.5 Spellcasting
 + Level 9.3 Conjurations
   Level 0.7 Transmutations
 + Level 7.1 Air Magic
 * Level 18.8 Earth Magic


You had 19 spell levels left.
You knew the following spells:

 Your Spells              Type           Power        Failure   Level
a - Sandblast             Erth           ######       0%          1
b - Stone Arrow           Conj/Erth      ######       1%          3
c - Conjure Ball Lightni  Conj/Air       #####.....   6%          6
d - Lee's Rapid Deconstr  Erth           ######....   1%          5
e - Lightning Bolt        Conj/Air       #####.....   1%          5

Your spell library contained the following spells:

 Spells                   Type           Power        Failure   Level
 Freeze                   Ice            ##..         1%          1
 Passwall                 Tmut/Erth      ######..     1%          2
 Hailstorm                Conj/Ice       ####....     1%          4
 Petrify                  Tmut/Erth      ######..     1%          4
 Frozen Ramparts          Ice            ##....       3%          3
 Ozocubu's Armour         Ice            ##......     13%         3
 Summon Ice Beast         Ice/Summ       ##......     41%         4


Dungeon Overview and Level Annotations

Branches:
Dungeon (1/1)

Altars:
Cheibriados
Dithmenos
Elyvilon
Fedhas
Gozag
Hepliaklqana
Kikubaaqudgha
Makhleb
Nemelex Xobeh
Okawaru
Qazlal
Ru
Sif Muna
Trog
Uskayaw
Vehumet
Wu Jian
Xom
Yredelemnul
Zin
The Shining One
Beogh
Jiyva
Lugonu

Annotations:
D Gastronok


Innate Abilities, Weirdness & Mutations

You are resistant to torment.
Your stone body is resilient. (AC +8)
You are immune to poison.
You resist negative energy. (rN+)
You are resistant to electric shocks. (rElec)
You can survive without breathing.
You are immune to petrification.
You are immune to rotting.


Message History

Gastronok is almost dead.
The bolt of lightning hits the elephant!
The elephant is moderately wounded.
The bolt of lightning hits the elephant.
The elephant is lightly wounded.
Gastronok waves his eye-stalks in wide circles.
The air twists around and strikes you!
* * * LOW HITPOINT WARNING * * *
The dire elephant completely misses you.
The dire elephant trunk-slaps you but does no damage.
Unknown command.
Casting: Lightning Bolt (dangerous; 1% risk of failure)
Confirm with . or Enter, or press ? or * to list all spells.
Aiming: Lightning Bolt (dangerous; 1% risk of failure)
Press: ? - help, Shift-Dir - straight line, f - dire elephant
Aim: a dire elephant (moderately wounded)
You miscast Lightning Bolt.
You are very lightly contaminated with residual magic.
Nothing appears to happen.
The dire elephant tramples you.
You die...

▓....)............#___#__'...
▓▓▓▓▓▓▓▓▓▓▓▓▓▓▓▓▓▓▓▓▓▓▓▓▓▓▓▓▓
▓...+≈≈≈≈§≈≈.≈♣♣.....♣♣♣♣≈≈≈
▓..P#≈≈≈§§≈≈≈≈♣♣.≈≈≈≈'♣♣'♣≈≈
▓.PP#≈≈≈≈§§.≈≈≈'..)..#.≈♣♣♣♣
▓Y.P#≈≈≈§§§≈≈≈.♣...♣♣#..♣♣
..!# ≈≈§≈§§≈≈♣....♣ ###'♣♣♣
▓##'####'#######...♣♣♣♣♣.##†
▓...YYw...Y@....♣♣♣♣♣...##.#
▓#+#############+ ♣♣.##.##
.JJ# ♣..#.## ▓..J+ ♣♣.##.#
▓..J# ♣♣.##.# ▓...# ♣.....#
#+### #######


You could see Gastronok, a dire elephant and 2 elephants.

Vanquished Creatures
  Rupert (D)
  A dire elephant (D)
  Erolcha (D)
  Urug (D)
  A death drake (D)
  A deep elf mage (D)
  A lindwurm (D)
  2 cane toads (D)
  A rime drake (D)
  A komodo dragon (D)
  3 wandering mushrooms (D)
  2 tyrant leeches (D)
  5 blink frogs (D)
  5 redbacks (D)
  A shadow (D)
  A spatial vortex (D)
  A hydra simulacrum (D)
  A swamp drake (D)
  A necrophage (D)
  A black mamba simulacrum (D)
  5 two-headed ogres (D)
  A water elemental (D)
  A jelly (D)
  A wizard (D)
  Jessica (D)
  A necromancer (D)
  2 wolf simulacra (D)
  2 ball lightnings (D)
  3 humans (D)
  A kobold demonologist (D)
  A wolf (D)
  2 oozes (D)
53 creatures vanquished.

Vanquished Creatures (others)
  A deep elf blademaster (D)
  Nessos (D)
  2 hydras (D)
  3 yaktaurs (D)
  2 spriggan defenders (D)
  3 hornets (D)
  An orc high priest (D)
  An electric eel (D)
  An orc priest (D)
  17 ball lightnings (D)
  3 ballistomycete spores (D)
  51 plants (D)
86 creatures vanquished.

Grand Total: 139 creatures vanquished

Notes
Turn   | Place    | Note
-------+----------+-------------------------------------------
     0 | D        | sahdkjhfkaj the Gargoyle Earth Elementalist began the quest
                  | for the Orb.
     0 | D        | Reached XP level 1. HP: 10/10 MP: 3/3
     3 | D        | Reached skill level 1 in Fighting
     3 | D        | Reached skill level 4 in Earth Magic
    39 | D        | Reached XP level 2. HP: 18/18 MP: 1/5
    86 | D        | Noticed Jessica
    89 | D        | Killed Jessica
    89 | D        | Reached skill level 5 in Earth Magic
    89 | D        | Reached XP level 3. HP: 23/23 MP: 2/8
   165 | D        | Reached skill level 6 in Earth Magic
   170 | D        | Learned a level 3 spell: Stone Arrow
   265 | D        | Reached XP level 4. HP: 29/29 MP: 2/10
   362 | D        | Noticed a water elemental
   375 | D        | Killed a water elemental
   375 | D        | Reached skill level 5 in Spellcasting
   375 | D        | Reached skill level 8 in Earth Magic
   375 | D        | Reached XP level 5. HP: 25/34 MP: 0/13
   478 | D        | Learned a level 5 spell: Lee's Rapid Deconstruction
   492 | D        | Found a glowing silver altar of Zin.
   492 | D        | Found a glowing golden altar of the Shining One.
   492 | D        | Found a white marble altar of Elyvilon.
   492 | D        | Noticed a deep elf mage
   495 | D        | Killed a deep elf mage
   495 | D        | Reached skill level 11 in Earth Magic
   495 | D        | Reached XP level 6. HP: 44/44 MP: 0/18
   495 | D        | Reached XP level 7. HP: 48/48 MP: 0/19
   692 | D        | Found a radiant altar of Vehumet.
   693 | D        | Found a shimmering blue altar of Sif Muna.
   693 | D        | Found an ancient bone altar of Kikubaaqudgha.
   694 | D        | Reached skill level 12 in Earth Magic
   728 | D        | Became a worshipper of Vehumet
   736 | D        | Found a hide-covered altar of Uskayaw.
   736 | D        | Found a roughly hewn altar of Beogh.
   736 | D        | Found an iron altar of Okawaru.
   736 | D        | Found a bloodstained altar of Trog.
   736 | D        | Found an ornate altar of the Wu Jian Council.
   736 | D        | Noticed a human
   736 | D        | Noticed a human
   739 | D        | Killed a human
   741 | D        | Killed a human
   741 | D        | Reached skill level 10 in Spellcasting
   741 | D        | Reached XP level 8. HP: 52/55 MP: 0/22
   861 | D        | Found a basalt altar of Yredelemnul.
   861 | D        | Found a shadowy altar of Dithmenos.
   861 | D        | Found a sacrificial altar of Ru.
   862 | D        | Reached * piety under Vehumet
   862 | D        | Offered knowledge of Magic Dart by Vehumet.
   862 | D        | Reached skill level 13 in Earth Magic
   921 | D        | Noticed a shadow
   926 | D        | Killed a shadow
   926 | D        | Reached ** piety under Vehumet
   989 | D        | Found a blossoming altar of Fedhas.
   989 | D        | Found a stormy altar of Qazlal.
   989 | D        | Found a snail-covered altar of Cheibriados.
   989 | D        | Found a burning altar of Makhleb.
   989 | D        | Found a shimmering altar of Xom.
   990 | D        | Found a hazy altar of Hepliaklqana.
   990 | D        | Found an opulent altar of Gozag.
   990 | D        | Found a sparkling altar of Nemelex Xobeh.
   990 | D        | Found a corrupted altar of Lugonu.
   990 | D        | Found a viscous altar of Jiyva.
  1106 | D        | Offered knowledge of Freeze by Vehumet.
  1106 | D        | Reached skill level 14 in Earth Magic
  1108 | D        | Reached *** piety under Vehumet
  1218 | D        | Noticed a two-headed ogre
  1222 | D        | Killed a two-headed ogre
  1222 | D        | Reached XP level 9. HP: 42/62 MP: 5/24
  1222 | D        | Noticed Erolcha
  1232 | D        | Noticed a two-headed ogre
  1233 | D        | Killed Erolcha
  1233 | D        | Reached skill level 10 in Fighting
  1233 | D        | Reached skill level 15 in Earth Magic
  1271 | D        | Killed a two-headed ogre
  1271 | D        | Offered knowledge of Mephitic Cloud by Vehumet.
  1567 | D        | Offered knowledge of Sticky Flame by Vehumet.
  1567 | D        | Reached **** piety under Vehumet
  1567 | D        | Reached skill level 16 in Earth Magic
  1639 | D        | Noticed a wandering mushroom
  1645 | D        | Killed a wandering mushroom
  1645 | D        | Reached XP level 10. HP: 69/69 MP: 16/26
  1833 | D        | Noticed a cane toad
  1833 | D        | Noticed a cane toad
  1852 | D        | Killed a cane toad
  1852 | D        | Offered knowledge of Lightning Bolt by Vehumet.
  1852 | D        | Reached ***** piety under Vehumet
  1958 | D        | Learned a level 5 spell: Lightning Bolt
  2188 | D        | Killed a four-headed hydra
  2192 | D        | Offered knowledge of Fulminant Prism by Vehumet.
  2192 | D        | Reached skill level 1 in Conjurations
  2192 | D        | Reached skill level 1 in Air Magic
  2192 | D        | Killed a cane toad
  2192 | D        | Reached skill level 17 in Earth Magic
  2243 | D        | Killed a four-headed hydra
  2385 | D        | Found the +8 lance "Wyrmbane" {slay drac, rPois rF+ rC+
                  | AC+3}
  2644 | D        | Noticed a death drake
  2651 | D        | Killed a death drake
  2651 | D        | Offered knowledge of Airstrike by Vehumet.
  2947 | D        | Noticed Urug
  2955 | D        | Killed Urug
  2955 | D        | Reached skill level 5 in Conjurations
  3076 | D        | Noticed a lindwurm
  3078 | D        | Killed a lindwurm
  3078 | D        | Reached skill level 5 in Air Magic
  3078 | D        | Reached XP level 11. HP: 45/76 MP: 15/28
  3507 | D        | Killed Nessos
  3694 | D        | Noticed Rupert
  4052 | D        | Killed a deep elf blademaster
  4206 | D        | Offered knowledge of Conjure Ball Lightning by Vehumet.
  4250 | D        | Learned a level 6 spell: Conjure Ball Lightning
  4349 | D        | Killed Rupert
  4349 | D        | Reached skill level 18 in Earth Magic
  4566 | D        | Noticed an azure jelly
  4566 | D        | Noticed an azure jelly
  4566 | D        | Noticed an azure jelly
  4566 | D        | Noticed an azure jelly
  4568 | D        | Noticed a dire elephant
  4568 | D        | Noticed a dire elephant
  4568 | D        | Noticed Gastronok
  4579 | D        | Killed a dire elephant
  4580 | D        | Slain by a dire elephant

Illustrated notes

Levels and vault maps discovered:
D:        dungeon_sprint_mu [sprint_mu_entry_forest, sprint_mu_temple_rooms,
          sprint_mu_d1_spiders, sprint_mu_d2_genie, sprint_mu_d3_branching,
          sprint_mu_orc_legion, sprint_mu_elf_gauntlet, sprint_mu_hive_nellie,
          sprint_mu_lair_fedhas, sprint_mu_vaults_butterflies,
          sprint_mu_slime_circle, sprint_mu_shoals_kraken,
          sprint_mu_snake_twists, sprint_mu_blade_basic, sprint_mu_crypt_lich,
          sprint_mu_tomb_spiral, sprint_mu_vestibule_basic,
          sprint_mu_gehenna_hellfire, sprint_mu_dis_giant,
          sprint_mu_tartarus_statrot, sprint_mu_cocytus_islands, sprint_mu_zot1]

Skill      XL: |  1  2  3  4  5  6  7  8  9 10 11 |
---------------+----------------------------------+-----
Fighting       | 2 3 4 7 8 9 11 12 13 | 13.4
Earth Magic    | 4 5 6 8 11 12 14 16 17 18 | 18.8
Spellcasting   | 4 5 9 10 11 12 13 14 | 14.5
Conjurations   | 6 9 |  9.3
Air Magic      | 5 7 |  7.1
Dodging        | |  1.5
Stealth        | |  2.1
Transmutations | |  0.7

Action                   |  1- 3 |  4- 6 |  7- 9 | 10-12 || total
-------------------------+-------+-------+-------+-------++-------
Melee: Lance             |       |       |       |    12 ||    12
       Dagger            |       |       |       |     1 ||     1
 Cast: Sandblast         |    13 |     2 |     3 |     3 ||    21
       Stone Arrow       |     1 |     3 |     9 |    37 ||    50
       Lee's Rapid Decon |       |     2 |    22 |    17 ||    41
       Lightning Bolt    |       |       |       |    24 ||    24
       Conjure Ball Ligh |       |       |       |     6 ||     6
  Use: Potion            |       |       |     2 |     3 ||     5
       Scroll            |       |       |       |     1 ||     1
 Stab: Betrayed ally     |       |       |       |     1 ||     1
Armor: Robe              |       |       |     1 |    14 ||    15
Dodge: Dodged            |     3 |     2 |    13 |    26 ||    44

Table legend: (Time is in decaauts)
 A = Elapsed time spent in this place.
 B = Non-inter-level travel time spent in this place.
 C = Inter-level travel time spent in this place.
 D = Time resting spent in this place.
 E = Time spent auto-exploring this place.
 F = Levels seen in this place.
 G = Mean time per level.
                   A        B        C        D        E       F      G
               +--------+--------+--------+--------+--------+-----+--------+
         Total |   4581 |   4541 |     40 |   3567 |    128 |   1 | 4581.0 |
       Dungeon |   4581 |   4541 |     40 |   3567 |    128 |   1 | 4581.0 |
               +--------+--------+--------+--------+--------+-----+--------+

Top non-repeatable levels by time:
       D: 4581 daAuts
